 Dungeon Crawl Stone Soup version 0.17.0-18-gaab0e96 (webtiles) character file.

11097 JudasIscariot the Fighter (level 11, -22/102 HPs)
             Began as a Ghoul Berserker on Nov 11, 2015.
             Was an Elder of Trog.
             Annihilated by a hill giant
             ... wielding a +0 giant club
              (35 damage)
             ... on level 12 of the Dungeon.
             The game lasted 00:45:58 (11992 turns).

JudasIscariot the Fighter (Ghoul Berserker)        Turns: 11992, Time: 00:45:58

Health: -22/102    AC:  9    Str: 24    XL:     11   Next: 72%
Magic:  10/10      EV:  8    Int:  3    God:    Trog [****..]
Gold:   632        SH:  0    Dex:  8    Spells: 0 memorised, 10 levels left

rFire  . . .     SeeInvis +     M - +3 dire flail
rCold  + . .     Clarity  .     d - +0 plate armour
rNeg   + + +     SustAt   .     (shield currently unavailable)
rPois  ∞         Gourm    .     k - +2 helmet
rElec  .         Spirit   .     (no cloak)
rCorr  .         Warding  .     (no gloves)
rMut   .         Stasis   .     (no boots)
MR     ++...                    (no amulet)
Stlth  ..........               (no ring)
                                G - ring of Shadows {Umbra +Inv rN+ SInv}

@: corroded equipment, regenerating, rotting, wreathed by umbra, very resistant
to hostile enchantments, extremely unstealthy
A: rotting body, claws 1, carnivore 3, cold resistance 1, negative energy
resistance 3, slow regeneration 1, torment resistance, unbreathing
a: Trog's Hand, Brothers in Arms, Burn Spellbooks, Renounce Religion, Evoke
Invisibility


You were on level 12 of the Dungeon.
You worshipped Trog.
Trog was greatly pleased with you.
You were not hungry.

You visited 1 branch of the dungeon, and saw 12 of its levels.
You visited the Abyss 1 time.

You collected 632 gold pieces.

Inventory:

Hand Weapons
 a - a +0 mace
 m - a +1 mace of protection
 u - a +1 mace of protection
 x - a +3 triple crossbow
 y - a +0 morningstar
 z - a -2 flail
 C - a +2 whip of flaming
 K - a +2 morningstar of draining
 M - a +3 dire flail (weapon)
Missiles
 b - 13 steel sling bullets
Armour
 d - a +0 plate armour (worn)
 g - a +0 helmet
 k - a +2 helmet (worn)
 r - a +0 buckler
 J - a +0 large shield
Jewellery
 G - the ring of Shadows (left claw) {Umbra +Inv rN+ SInv}
   (You found it on level 8 of the Dungeon)

   [ring of invisibility]

   It protects you from negative energy.
   It lets you see invisible.
   It lets you turn invisible.
Wands
 D - a wand of cold (0)
Scrolls
 e - 3 scrolls of remove curse
 h - 3 scrolls of amnesia
 i - 2 scrolls of immolation
 l - 4 scrolls of teleportation
 o - 3 scrolls of recharging
 p - 3 scrolls of magic mapping
 F - 3 scrolls of enchant weapon
 L - a scroll of fog {unknown}
Potions
 f - 2 potions of curing
 j - a potion of heal wounds {unknown}
 n - 2 potions of mutation
 q - 2 potions of flight
 s - a potion of cancellation
 v - a potion of might {unknown}
 E - 2 potions of poison {unknown}
 I - 2 potions of haste {unknown}
Comestibles
 c - a meat ration
 t - 2 beef jerkies
 w - a royal jelly
 A - 3 slices of pizza
 H - 6 chunks of flesh


   Skills:
 * Level 11.0 Fighting
 * Level 9.7 Maces & Flails
 * Level 9.8 Armour
 + Level 2.9 Dodging
 + Level 3.7 Shields
 + Level 0.6 Evocations


You had 10 spell levels left.
You didn't know any spells.

Dungeon Overview and Level Annotations

Branches:
Dungeon (12/15)            Temple (0/1) D:6             Orc (0/4) D:12
   Lair: D:8-11

Altars:
Fedhas
Makhleb
Qazlal
Trog
Xom

Annotations:
D:9 Psyche


Innate Abilities, Weirdness & Mutations

Your body is rotting away.
You thrive on raw meat.
You are immune to poison.
You have sharp fingernails.
You are carnivorous and can eat meat at any time.
Your flesh is cold resistant.
You are immune to negative energy.
You regenerate slowly when monsters are visible.
You are immune to unholy pain and torment.
You can survive without breathing.


Message History

You closely miss the troll.
The troll is severely wounded.
The troll bites you!
* * * LOW HITPOINT WARNING * * *
The troll closely misses you. The troll claws you but does no damage.
You hit the troll.
The troll is almost dead.
You closely miss the troll.
The troll is almost dead.
The troll barely misses you. The troll claws you.
* * * LOW HITPOINT WARNING * * *
The troll claws you but does no damage.
You puncture the troll!
You kill the troll!
Trog accepts your kill.
Read which item? (? for menu, Esc to quit)
As you read the scroll labeled RYADAR ARGHOLL, it crumbles to dust.
Wisps of shadow whirl around you...
It was a scroll of summoning.
The hill giant hits you with a giant club!!
You die...

..........C.......####
..........#####..##
...........## ##.#
............## #.#
.............###.#
..............##.#
..............##9#
...............#C#
..........)..#@#
........%..h..##
..........9÷o.#
.......<..#..##
..........##..##
.........###..#
.........# ##.#
........## #.##
....... ##.#


You could see a hill giant, 2 friendly gargoyles, a friendly hound and a
friendly orc.

Vanquished Creatures
  Pikel (D:6)
  A hill giant (D:11)
  A cyclops (D:11)
  The ghost of puimuR the Chopper, a novice DsBe of Trog (D:8)
  The ghost of QueenOfTheDesert the Skirmisher, a novice GrMo (D:4)
  Grinder (D:6)
  4 trolls
  2 wyverns (D:9)
  3 yaks (D:12)
  A spriggan (D:7)
  2 hippogriffs
  A basilisk (D:8)
  A neqoxec (Abyss:1)
  A steam dragon (D:11)
  A soldier ant (D:11)
  3 ice beasts
  8 spiders (D:11)
  2 water moccasins
  8 ogres
  2 sky beasts
  2 orc warriors
  A wasp (D:12)
  3 centaurs
  3 phantoms
  A crocodile (D:9)
  A big kobold (D:11)
  Blork the orc (D:6)
  7 giant frogs
  3 scorpions
  8 killer bees
  3 wights (D:12)
  5 crimson imps
  4 centaur zombies
  3 centaur skeletons
  A giant frog zombie (D:9)
  3 orc priests
  3 giant frog skeletons
  9 orc wizards
  Natasha (D:2)
  6 iguanas
  5 worker ants
  A killer bee zombie (D:9)
  3 gnolls (D:4)
  8 adders
  4 shadow imps
  An ooze (D:1)
  An adder skeleton (D:4)
  A worm (D:2)
  4 giant geckos
  38 orcs
  4 giant cockroaches
  5 hobgoblins
  11 jackals
  8 kobolds
  3 quokkas
  A ball python (D:1)
  A ball python skeleton (D:5)
  6 bats
  4 giant newts
  6 goblins
  12 rats
240 creatures vanquished.

Vanquished Creatures (collateral kills)
  An ugly thing (D:12)
  3 killer bees (D:9)
4 creatures vanquished.

Vanquished Creatures (others)
  A hound (D:6)
  A lurking horror (Abyss:1)
2 creatures vanquished.

Grand Total: 246 creatures vanquished

Notes
Turn   | Place    | Note
--------------------------------------------------------------
     0 | D:1      | JudasIscariot the Ghoul Berserker began the quest for the Orb.
     0 | D:1      | Reached XP level 1. HP: 19/19 MP: 0/0
   214 | D:1      | Reached XP level 2. HP: 21/26 MP: 1/1
   645 | D:1      | Reached XP level 3. HP: 32/32 MP: 2/2
  1071 | D:2      | Found a bloodstained altar of Trog.
  1088 | D:2      | Reached ** piety under Trog
  1457 | D:2      | Noticed Natasha
  1478 | D:2      | Killed Natasha
  1478 | D:2      | Reached skill level 4 in Fighting
  1478 | D:2      | Reached XP level 4. HP: 19/40 MP: 3/3
  1765 | D:3      | Reached XP level 5. HP: 47/47 MP: 4/4
  1798 | D:3      | Noticed a phantom
  2140 | D:3      | Killed a phantom
  2140 | D:3      | Reached skill level 5 in Fighting
  2140 | D:3      | Reached XP level 6. HP: 54/56 MP: 5/5
  2383 | D:4      | Reached *** piety under Trog
  2555 | D:4      | Noticed QueenOfTheDesert's ghost (novice GrMo)
  2609 | D:4      | Killed QueenOfTheDesert's ghost
  2609 | D:4      | Reached skill level 5 in Maces & Flails
  2609 | D:4      | Reached XP level 7. HP: 19/62 MP: 6/6
  2845 | D:4      | Reached skill level 6 in Fighting
  3037 | D:5      | Entered Level 5 of the Dungeon
  3167 | D:5      | Reached skill level 1 in Shields
  3207 | D:5      | Reached XP level 8. HP: 42/70 MP: 7/7
  3542 | D:5      | Found a stormy altar of Qazlal.
  3612 | D:5      | Reached skill level 5 in Armour
  4021 | D:6      | Reached skill level 7 in Fighting
  4266 | D:6      | Found a staircase to the Ecumenical Temple.
  4319 | D:6      | Noticed Grinder
  4326 | D:6      | Paralysed by Grinder for 4 turns
  4352 | D:6      | Killed Grinder
  4352 | D:6      | Reached XP level 9. HP: 68/79 MP: 8/8
  4642 | D:6      | Noticed Blork the orc
  4657 | D:6      | Killed Blork the orc
  4736 | D:6      | Noticed Pikel
  4764 | D:6      | Killed Pikel
  4764 | D:6      | Reached skill level 8 in Fighting
  5720 | D:7      | Reached **** piety under Trog
  6003 | D:8      | Reached skill level 9 in Fighting
  6031 | D:8      | Reached XP level 10. HP: 86/89 MP: 9/9
  6213 | D:8      | Noticed puimuR's ghost (novice DsBe)
  6553 | D:8      | Killed puimuR's ghost
  6987 | D:8      | Found a blossoming altar of Fedhas.
  6987 | D:8      | Found a burning altar of Makhleb.
  6987 | D:8      | Found a shimmering altar of Xom.
  8387 | D:9      | Noticed Psyche
  8468 | D:9      | Cast into the Abyss (Psyche)
  8513 | Abyss:1  | Noticed an eidolon
  8542 | Abyss:1  | Reached skill level 10 in Fighting
  8680 | Abyss:1  | Noticed a large abomination
  8691 | D:9      | Escaped the Abyss
  9485 | D:10     | Entered Level 10 of the Dungeon
 10032 | D:10     | Lost intelligence.
 10406 | D:11     | Reached XP level 11. HP: 88/99 MP: 10/10
 10516 | D:11     | Noticed a hill giant
 10561 | D:11     | Killed a hill giant
 11281 | D:11     | Reached ***** piety under Trog
 11651 | D:12     | Found a staircase to the Orcish Mines.
 11903 | D:12     | Reached skill level 11 in Fighting
 11959 | D:12     | Noticed a hill giant
 11992 | D:12     | Annihilated by a hill giant

Action                   |  1- 3 |  4- 6 |  7- 9 | 10-12 || total
-------------------------+-------+-------+-------+-------++-------
Melee: Mace              |   148 |   187 |   125 |       ||   460
       Morningstar       |       |       |   150 |   183 ||   333
       Whip              |       |       |   190 |   759 ||   949
       Dire flail        |       |       |       |    47 ||    47
Invok: Trog's Hand       |       |     2 |     1 |     5 ||     8
       Burn Spellbooks   |       |       |     1 |     1 ||     2
       Brothers in Arms  |       |       |       |     3 ||     3
Evoke: Wand              |       |       |       |     2 ||     2
  Use: Potion            |       |     1 |       |     6 ||     7
       Scroll            |       |       |    11 |    13 ||    24
  Eat: Chunk             |    25 |    18 |    43 |    58 ||   144
       Meat ration       |       |       |       |     1 ||     1
